 Dungeon Crawl Stone Soup version 0.26.1-11-gd32895ea62 (webtiles) character file.

Game seed: 3293855948628779831

343 phalm the Conjurer (level 6, 30/44 HPs)
             Began as a Demonspawn Conjurer on June 19, 2021.
             Quit the game on level 3 of the Dungeon.
             The game lasted 00:07:45 (3778 turns).

phalm the Conjurer (Demonspawn Conjurer)            Turns: 3778, Time: 00:07:46

Health: 30/44      AC:  2    Str:  5 (7)  XL:     6   Next: 31%
Magic:  4/10       EV: 12    Int: 21 (22) God:
Gold:   109        SH:  0    Dex: 11      Spells: 4/11 levels left

rFire    . . .     SeeInvis .   b - +0 hand crossbow
rCold    . . .     Faith    .   (no shield)
rNeg     + . .     Spirit   .   d - +0 robe
rPois    .         Reflect  .   (no helmet)
rElec    .         Harm     .   (no cloak)
rCorr    .         Rampage  .   (no gloves)
Will     .....                  (no boots)
Stlth    +++.......             (no amulet)
HPRegen  0.14/turn              Q - ring of stealth
MPRegen  0.12/turn              N - ring of positive energy

@: no status effects
A: talons 2, spiny 1
a: no special abilities


You were on level 3 of the Dungeon.
You visited 1 branch of the dungeon, and saw 3 of its levels.
You also visited: Sewer.

You collected 109 gold pieces.


Innate Abilities, Weirdness & Mutations

You have razor-sharp toenails.
You are partially covered in sharp spines.


   Skills:
 + Level 2.2 Fighting
 - Level 1.7 Dodging
 - Level 1.7 Stealth
 + Level 3.1 Spellcasting
 * Level 5.5 Conjurations
 * Level 2.1 Hexes
 * Level 2.1 Translocations


You had 4 spell levels left.
You knew the following spells:

 Your Spells              Type           Power        Failure   Level
f - Fulminant Prism       Conj/Hex       9%           26%         4
m - Magic Dart            Conj           100%         1%          1
s - Searing Ray           Conj           52%          1%          2

Your spell library contained the following spells:

 Spells                   Type           Power        Failure   Level
 Corona                   Hex            13%          5%          1
 Dazzling Flash           Conj/Hex       38%          9%          3
 Ensorcelled Hibernation  Hex/Ice        14%          13%         2
 Confusing Touch          Hex            12%          16%         3
 Tukima's Dance           Hex            12%          16%         3
 Iskenderun's Mystic Bla  Conj/Tloc      19%          26%         4

Inventory:

Hand Weapons
 a - a +1 vampiric dagger
   (You took it off a kobold in a sewer)
 b - a +0 hand crossbow (weapon)
   (You took it off a kobold in a sewer)
Missiles
 f - 13 bolts (quivered ammo)
 g - 115 sling bullets
 j - 12 arrows
 l - 25 stones
 p - 6 javelins
Armour
 d - a +0 robe (worn)
Jewellery
 N - a ring of positive energy (right hand)
   (You took it off a kobold on level 2 of the Dungeon)
 Q - a ring of stealth (left hand)
   (You found it on level 1 of the Dungeon)
Scrolls
 c - a scroll of fog
 k - a scroll of teleportation {@r4}
 n - a scroll of remove curse {@r2}
 q - a scroll of enchant weapon {unknown}
Potions
 e - a potion of degeneration {!q}
 h - a potion of heal wounds {@q2}
 i - 2 potions of flight {unknown}
 m - a potion of curing {@q1}
 r - a potion of cancellation

Dungeon Overview and Level Annotations

Branches:
Dungeon (3/15)              Sewer (visited)

Altars:
Ashenzari

***********,,**,,,,**,**,,,,*#..#
*,,,,,,,,,,(.****,,,*.#,,,***#.##
*,,,,,,,,,,..########.########.#
*,,,,,,,,,,,.(.................#
******,,,,,,##(.........#....#.#
**,,#.,#............###...#
**,(.(#............# #.#.#
**.#.<)...........# #.#.##
*...(.).@.).....#*##.#..#
*##.#.....##...## #..##..
*,###.####.### #...###
*,###..###.## #.#...#
*,,.....,#..## #.###.#
***#..##.##..## #.# #.#
#...#......###.###.#
#.#...##.........#.#
#.###...###.#.##....


There were no monsters in sight!


Message History

You now have 44 max hp (+6).
You regained 4 hp, and now have 30/44 hp.
Casting: Searing Ray (safe; 1% risk of failure)
Confirm with . or Enter, or press ? or * to list all spells.
Aiming: Magic Dart (safe; 1% risk of failure)
Press: ? - help, Shift-Dir - straight line, f - orc
Aim: an orc, wielding a +0 war axe (0% to evade)
The magic dart hits the orc!
You kill the orc! 😮 MP[-1]
You lost 1 mp, and now have 4/10 mp.
Casting: Magic Dart (safe; 1% risk of failure)
Confirm with . or Enter, or press ? or * to list all spells.
You can't see any susceptible monsters within range! (Use Z to cast anyway.)
An orc priest comes into view.
It is wielding a +0 mace. 😎 HP[+14] MP[+6]
Your hp is fully restored (44).
Your mp is fully restored (10).
You shoot a bolt. The bolt hits the orc priest.
The orc priest shouts!
A frilled lizard comes into view.
You shoot a bolt. The frilled lizard hisses angrily.
The bolt hits the orc priest but does no damage.
The orc priest invokes the aid of Beogh against you.
You barely resist.
An orc comes into view. It is wielding a +0 short sword.
A giant cockroach comes into view.
The orc shouts!
You shoot a bolt. The bolt hits the orc priest.
The orc priest invokes the aid of Beogh against you.
Beogh smites you! 😮 HP[-14]
You take 14 damage, and now have 30/44 hp.
MASSIVE DAMAGE!! (PAUSE)
You are too injured to fight recklessly!
You are too injured to fight recklessly!
Casting: Magic Dart (safe; 1% risk of failure)
Confirm with . or Enter, or press ? or * to list all spells.
Aiming: Magic Dart (safe; 1% risk of failure)
Press: ? - help, Shift-Dir - straight line, f/p - orc priest
Aim: an orc priest, wielding a +0 mace and wearing a +0 leather armour (severely wounded, 0% to evade)
The magic dart hits the orc priest.
You kill the orc priest!
Your Translocations skill increases to level 2! 😮 MP[-1]
You lost 1 mp, and now have 9/10 mp.
Casting: Magic Dart (safe; 1% risk of failure)
Confirm with . or Enter, or press ? or * to list all spells.
Aiming: Magic Dart (safe; 1% risk of failure)
Press: ? - help, Shift-Dir - straight line, f - orc
Aim: an orc, wielding a +0 short sword and wearing a +0 leather armour (0% to evade)
The magic dart hits the orc. 😮 MP[-1]
You lost 1 mp, and now have 8/10 mp.
Casting: Magic Dart (safe; 1% risk of failure)
Confirm with . or Enter, or press ? or * to list all spells.
Aiming: Magic Dart (safe; 1% risk of failure)
Press: ? - help, Shift-Dir - straight line, f/p - orc
Aim: an orc, wielding a +0 short sword and wearing a +0 leather armour (heavily wounded, 0% to evade)
The magic dart hits the orc.
You kill the orc! 😮 MP[-1]
You lost 1 mp, and now have 7/10 mp.
Casting: Magic Dart (safe; 1% risk of failure)
Confirm with . or Enter, or press ? or * to list all spells.
Aiming: Magic Dart (safe; 1% risk of failure)
Press: ? - help, Shift-Dir - straight line, f - giant cockroach
Aim: a giant cockroach (0% to evade)
The magic dart hits the giant cockroach. 😮 MP[-1]
You lost 1 mp, and now have 6/10 mp.
Casting: Magic Dart (safe; 1% risk of failure)
Confirm with . or Enter, or press ? or * to list all spells.
Aiming: Magic Dart (safe; 1% risk of failure)
Press: ? - help, Shift-Dir - straight line, f/p - giant cockroach
Aim: a giant cockroach (almost dead, 0% to evade)
The magic dart hits the giant cockroach but does no damage.
The giant cockroach is struck by your spines.
You kill the giant cockroach! 😮 MP[-1]
You lost 1 mp, and now have 5/10 mp.
Casting: Magic Dart (safe; 1% risk of failure)
Confirm with . or Enter, or press ? or * to list all spells.
Aiming: Magic Dart (safe; 1% risk of failure)
Press: ? - help, Shift-Dir - straight line, f - frilled lizard
Aim: a frilled lizard (0% to evade)
The magic dart hits the frilled lizard.
You kill the frilled lizard! 😮 MP[-1]
You lost 1 mp, and now have 4/10 mp.
Casting: Magic Dart (safe; 1% risk of failure)
Confirm with . or Enter, or press ? or * to list all spells.
You can't see any susceptible monsters within range! (Use Z to cast anyway.)
Casting: Magic Dart (safe; 1% risk of failure)
Confirm with . or Enter, or press ? or * to list all spells.
You can't see any susceptible monsters within range! (Use Z to cast anyway.)
Casting: Magic Dart (safe; 1% risk of failure)
Confirm with . or Enter, or press ? or * to list all spells.
You can't see any susceptible monsters within range! (Use Z to cast anyway.) Are you sure you want to abandon this character and quit the game? (Confirm with "yes".)

Skill      XL: |  1  2  3  4  5  6 |
---------------+-------------------+-----
Fighting       | 1 2 |  2.2
Conjurations   | 5 |  5.5
Translocations | 1 2 |  2.1
Hexes          | 1 2 |  2.1
Spellcasting   | 3 |  3.1
Dodging        | |  1.7
Stealth        | |  1.7

Action                   |  1- 3 |  4- 6 || total
-------------------------+-------+-------++-------
Melee: Unarmed           |     9 |       ||     9
       Kick              |     1 |     1 ||     2
       Dagger            |       |    28 ||    28
 Fire: Hand crossbow     |       |    18 ||    18
Throw: Stone             |       |     3 ||     3
 Cast: Magic Dart        |    82 |    46 ||   128
       Searing Ray       |       |    12 ||    12
  Use: Potion            |       |     6 ||     6
       Scroll            |       |     4 ||     4
 Stab: Sleeping          |       |     1 ||     1
Armor: Robe              |       |     5 ||     5
Dodge: Dodged            |     7 |    27 ||    34

Levels and vault maps discovered:
D:1:      sevenhm_arrival_forest_fort_small_4, layout_basic
D:2:      layout_loops_ring, evilmike_ruin_ashenzari, minmay_small_reverse_x
D:3:      layout_rooms, minitemple, gup_sewer_entry_spiral, minmay_pentangle,
          uniq_natasha

Notes
Turn   | Place    | Note
-------+----------+-------------------------------------------
     0 | D:1      | phalm the Demonspawn Conjurer began the quest for the Orb.
     0 | D:1      | Reached XP level 1. HP: 13/13 MP: 3/3
     0 | D:1      | magus.rc [v1.9.10]
   180 | D:1      | Gained mutation: You have sharp toenails. [demonic
                  | ancestry]
   180 | D:1      | Reached XP level 2. HP: 20/20 MP: 1/5
   299 | D:1      | Learned a level 2 spell: Searing Ray
   904 | D:1      | Reached skill level 1 in Fighting
  1078 | D:2      | Reached XP level 3. HP: 26/26 MP: 0/6
  1253 | D:2      | Found a broken altar of Ashenzari.
  1964 | D:2      | Reached XP level 4. HP: 32/32 MP: 4/7
  1990 | D:1      | Learned a level 4 spell: Fulminant Prism
  2367 | D:3      | Reached skill level 5 in Conjurations
  2575 | D:3      | Found a glowing drain.
  2588 | Sewer    | Entered a sewer
  2627 | Sewer    | Reached skill level 1 in Translocations
  2739 | Sewer    | Noticed a big kobold
  2792 | Sewer    | Killed a big kobold
  2793 | Sewer    | Reached skill level 2 in Fighting
  2793 | Sewer    | Reached skill level 1 in Hexes
  2793 | Sewer    | Gained mutation: You have razor-sharp toenails. [demonic
                  | ancestry]
  2793 | Sewer    | Reached XP level 5. HP: 21/38 MP: 1/9
  2987 | Sewer    | Found a white marble altar of Elyvilon.
  3362 | D:3      | You pick up a book of Maledictions and begin reading...
  3362 | D:3      | You add the spells Corona, Ensorcelled Hibernation,
                  | Confusing Touch and Tukima's Dance to your library.
  3389 | D:3      | Reached skill level 3 in Spellcasting
  3671 | D:3      | Reached skill level 2 in Hexes
  3671 | D:3      | Gained mutation: You are partially covered in sharp spines.
                  | [demonic ancestry]
  3671 | D:3      | Reached XP level 6. HP: 30/44 MP: 5/10
  3773 | D:3      | Reached skill level 2 in Translocations
  3778 | D:3      | Quit the game

Vanquished Creatures
  A big kobold (Sewer)
  A scorpion (D:3)
  2 orc priests (D:3)
  3 adders
  4 river rats
  2 oozes (D:1)
  3 worms
  A dart slug (D:2)
  5 leopard geckos
  7 orcs (D:3)
  11 bats
  6 giant cockroaches
  4 goblins
  5 hobgoblins
  2 jackals (Sewer)
  10 kobolds
  2 quokkas
  A ball python (D:1)
  3 frilled lizards
  11 rats
84 creatures vanquished.

Table legend:
 A = Non-vault XP
 B = Vault XP
 C = Vault XP percentage of total XP
 D = Non-vault monster count
 E = Vault monster count
 F = Vault count percentage of total count
                 A         B        C        D         E       F
            +---------+---------+-------+---------+---------+-------
      Total |     324 |     167 |  34.0 |      64 |      20 |  23.8
            +---------+---------+-------+---------+---------+-------
        D:1 |      37 |       0 |   0.0 |      17 |       0 |   0.0
        D:2 |      65 |       4 |   5.8 |      25 |       4 |  13.8
        D:3 |     222 |      35 |  13.6 |      22 |       6 |  21.4
      Sewer |       0 |     128 | 100.0 |       0 |      10 | 100.0
            +---------+---------+-------+---------+---------+-------

Illustrated notes

Table legend:
 A = Kills in this place as a percentage of kills in entire the game.
 B = Kills by you in this place as a percentage of kills by you in the entire game.
 C = Kills by friends in this place as a percentage of kills by friends in the entire game.
 D = Other kills in this place as a percentage of other kills in the entire game.
 E = Experience gained in this place as a percentage of experience gained in the entire game.
 F = Experience gained in this place divided by the number of levels of this place that you have seen.
                   A       B       C       D       E      F
               +-------+-------+-------+-------+-------+----------------------
         Total | 100.0 | 100.0 |   N/A |   N/A | 100.0 | 122.8
       Dungeon |  88.1 |  88.1 |   N/A |   N/A |  73.9 | 121.0
         Sewer |  11.9 |  11.9 |   N/A |   N/A |  26.1 | 128.0
               +-------+-------+-------+-------+-------+----------------------

Table legend: (Time is in decaauts)
 A = Elapsed time spent in this place.
 B = Non-inter-level travel time spent in this place.
 C = Inter-level travel time spent in this place.
 D = Time resting spent in this place.
 E = Time spent auto-exploring this place.
 F = Levels seen in this place.
 G = Mean time per level.
                   A        B        C        D        E       F      G
               +--------+--------+--------+--------+--------+-----+--------+
         Total |   3885 |   3803 |     82 |      0 |   3319 |   4 |  971.2 |
       Dungeon |   3387 |   3305 |     82 |      0 |   2961 |   3 | 1129.0 |
         Sewer |    497 |    497 |      0 |      0 |    358 |   1 |  497.0 |
               +--------+--------+--------+--------+--------+-----+--------+

Top non-repeatable levels by time:
     D:2: 1260 daAuts
     D:1: 1090 daAuts
     D:3: 1035 daAuts
   Sewer: 497 daAuts
